 Dungeon Crawl Stone Soup version 0.29.0-4-gdea44cf6ec (webtiles) character file.

Game seed: 7650014663571994486

42 qw the Chopper (level 3, -1/21 HPs)
             Began as a Tengu Warper on Aug 28, 2022.
             Slain by a gnoll
             ... wielding a +0 spear
              (6 damage)
             ... on level 1 of the Dungeon.
             The game lasted 00:00:06 (1299 turns).

qw the Chopper (Tengu Warper)                       Turns: 1299, Time: 00:00:07

Health: -1/21      AC:  3    Str: 13    XL:     3   Next: 56%
Magic:  7/7        EV: 12    Int: 13    God:
Gold:   27         SH:  0    Dex: 13    Spells: 6/6 levels left

rFire   . . .      SeeInvis .   a - +0 hand axe
rCold   . . .      Faith    .   (no shield)
rNeg    . . .      Spirit   .   b - +0 leather armour
rPois   .          Reflect  .   (helmet restricted)
rElec   .          Harm     .   (no cloak)
rCorr   .          Rampage  .   (no gloves)
Will    .....                   (boots unavailable)
Stlth   +.........              (no amulet)
HPRegen 0.07/turn               (no ring)
MPRegen 0.10/turn               (no ring)

@: no status effects
A: beak, talons 3
a: no special abilities


You were on level 1 of the Dungeon.
You visited 1 branch of the dungeon, and saw 1 of its levels.

You collected 27 gold pieces.


Innate Abilities, Weirdness & Mutations

You have a beak for a mouth.
You have claws for feet.


   Skills:
 - Level 2.0 Fighting
 + Level 4.2 Axes
 - Level 1.0 Throwing
 - Level 1.1 Armour
 - Level 2.1 Dodging
 - Level 2.0 Spellcasting
 - Level 2.4 Translocations


You had 6 spell levels left.
You didn't know any spells.
Your spell library contained the following spells:

 Spells                   Type           Power      Damage    Failure   Level
 Blink                    Tloc           14%        N/A       19%         2
 Gell's Gravitas          Tloc           7%         N/A       36%         3
 Lesser Beckoning         Tloc           7%         N/A       36%         3
 Teleport Other           Tloc           7%         N/A       36%         3
 Manifold Assault         Tloc           7%         N/A       98%         5

Inventory:

Hand Weapons
 a - a +0 hand axe (weapon)
 g - a +0 whip
Armour
 b - a +0 leather armour (worn)
 h - a +0 plate armour
Jewellery
 d - a +4 ring of protection
 f - a ring of willpower
Scrolls
 c - a scroll of blinking
 e - 3 scrolls of identify {unknown}
 i - a scroll of immolation {unknown}
 k - a scroll of teleportation {unknown}
 l - a scroll of enchant weapon {unknown}
Potions
 j - a potion of magic {unknown}

Dungeon Overview and Level Annotations

Branches:
Dungeon (1/15)

Altars:


Message History

The quokka twitches its whiskers.
The quokka bites you.
You closely miss the quokka. The quokka closely misses you.
You hit the quokka. You peck the quokka.
You kill the quokka!
You start resting.
HP restored.
You now have 27 gold pieces (gained 7).
A dart slug comes into view.
The dart slug launches a dart at you. The slug dart misses you.
Enter note: The dart slug launches a dart at you.
The slug dart misses you. The dart slug launches a dart at you.
The slug dart hits you. The dart slug bites you.
You hit the dart slug but do no damage. You claw the dart slug.
The dart slug is lightly wounded.
You hit the dart slug. You claw the dart slug.
The dart slug is almost dead.
The dart slug misses you.
You hit the dart slug. You peck the dart slug.
You kill the dart slug!
You start resting.
HP restored.
There is a shaft here.
A gnoll comes into view. It is wielding a +0 spear.
The gnoll shouts!
The gnoll hits you from afar with a +0 spear.
The gnoll hits you with a +0 spear.
You closely miss the gnoll. The gnoll misses you.
The gnoll hits you with a +0 spear!
You barely miss the gnoll. The gnoll closely misses you.
You barely miss the gnoll. You claw the gnoll. Your peck misses the gnoll.
The gnoll is moderately wounded.
The gnoll hits you with a +0 spear.
You die...

########## ......g@.#
########.# ## #######.#
#. #.......# #.
#.####..##############.
#^# #.................
##.##
##.#######.#######
#.###...####.#
#.....#####
#............#
#.#.#.#....


You could see a gnoll.

Vanquished Creatures
  2 dart slugs (D:1)
  A bat (D:1)
  6 endoplasms (D:1)
  2 giant cockroaches (D:1)
  A goblin (D:1)
  4 hobgoblins (D:1)
  3 jackals (D:1)
  A kobold (D:1)
  5 quokkas (D:1)
  2 ball pythons (D:1)
  3 frilled lizards (D:1)
  2 rats (D:1)
32 creatures vanquished.

Vanquished Creatures (others)
  A plant (D:1)
1 creature vanquished.

Grand Total: 33 creatures vanquished

Notes
Turn   | Place    | Note
-------+----------+-------------------------------------------
     0 | D:1      | qw the Tengu Warper began the quest for the Orb.
     0 | D:1      | Reached XP level 1. HP: 12/12 MP: 4/4
     0 | D:1      | 0 ||| qw: Version: 0.1-a-89-g26bdef1
     0 | D:1      | 0 ||| qw: Game counter: 965
     0 | D:1      | 0 ||| qw: Always use a shield: true
     0 | D:1      | 0 ||| qw: God list: Okawaru
     0 | D:1      | 0 ||| qw: Allow faded altars: false
     0 | D:1      | 0 ||| qw: Do Orc after D:15 true
     0 | D:1      | 0 ||| qw: Do second Lair branch before Depths: true
     0 | D:1      | 0 ||| qw: Lair rune preference: random
     0 | D:1      | 0 ||| qw: Plans: Normal
     0 | D:1      | 0 ||| PLANNING D:1-11
   173 | D:1      | Reached XP level 2. HP: 17/17 MP: 6/6
   190 | D:1      | Reached skill level 3 in Axes
   285 | D:1      | 285 ||| Stepping ~*~*~tactically~*~*~ (hiding).
   387 | D:1      | 387 ||| Stepping ~*~*~tactically~*~*~ (hiding).
   489 | D:1      | 489 ||| Stepping ~*~*~tactically~*~*~ (hiding).
   605 | D:1      | Found a faded altar of an unknown god.
   652 | D:1      | 652 ||| Stepping ~*~*~tactically~*~*~ (stealth).
   655 | D:1      | 655 ||| Stepping ~*~*~tactically~*~*~ (stealth).
   660 | D:1      | Reached XP level 3. HP: 20/21 MP: 7/7
   908 | D:1      | Reached skill level 4 in Axes
  1044 | D:1      | 1044 ||| Stepping ~*~*~tactically~*~*~ (stealth).
  1297 | D:1      | HP: 5/21 [gnoll/+0 spear (7)]
  1299 | D:1      | Slain by a gnoll

Levels and vault maps discovered:
D:1:      dpeg_arrival_pond, layout_loops_ring,
          shapermc_ecumenical_altar_mp_urbaneastern, minmay_hedge_maze

Skill      XL: |  1  2  3 |
---------------+----------+-----
Axes           | 3 4 |  4.2
Fighting       | |  2.0
Throwing       | |  1.0
Armour         | |  1.1
Dodging        | |  2.1
Spellcasting   | |  2.0
Translocations | |  2.4

Action                   || total
-------------------------++-------
Melee: Hand axe          ||    75
       Peck              ||    12
       Kick              ||     7
       Punch             ||     1
Throw: Boomerang         ||     7
 Stab: Sleeping          ||     1
Armor: Leather armour    ||    10
Dodge: Dodged            ||    44

Table legend:
 A = Non-vault XP
 B = Vault XP
 C = Vault XP percentage of total XP
 D = Non-vault monster count
 E = Vault monster count
 F = Vault count percentage of total count
                 A         B        C        D         E       F
            +---------+---------+-------+---------+---------+-------
      Total |      61 |       0 |   0.0 |      32 |       0 |   0.0
            +---------+---------+-------+---------+---------+-------
        D:1 |      61 |       0 |   0.0 |      32 |       0 |   0.0
            +---------+---------+-------+---------+---------+-------
